AoeStats
← Rearte7

Glade

510525980Analyzed
1v1 RM · 24h ago on Oct 1, 2026· 41m 54s· 2 players
Game mode
Random Map
Map size
Tiny (2 player)
Population
200
Speed
Normal
Resources
Standard
Victory
Conquest
Starting age
Dark Age
Ending age
Imperial Age
RankedLock teamsTeams togetherTeam positionsShared explorationLock speedFull tech treeHidden civsTurbo modeCheats
Victory
Defeat
🇧🇷 Malay · Brazil
825
+18
🇨🇿 Persians · Czechia
870
-18
Rearte7
11:28 Feudal Age
11:53 Loom
17:38 Castle Age
16:28 Fletching
18:43 Bodkin Arrow
24:24 Stone Mining
27:36 Forging
33:26 Imperial Age
31:49 Murder Holes
32:33 Iron Casting
32:09 Double-Bit Axe
32:19 Gold Mining
32:12 Horse Collar
33:22 Bow Saw
33:39 Conscription
34:25 Wheelbarrow
34:22 Squires
34:08 Arson
35:28 Bracer
39:50 Blast Furnace
39:37 Ballistics
39:34 Town Watch
40:05 Hand Cart
41:54 Heavy Plow
dushi
8:53 Loom
10:39 Feudal Age
11:26 Double-Bit Axe
17:39 Castle Age
19:21 Bow Saw
18:56 Horse Collar
28:58 Scale Barding Armor
29:48 Bloodlines
31:40 Town Watch
32:34 Husbandry
33:50 Wheelbarrow
34:19 Forging
35:05 Chain Barding Armor
Connection lost

Rejoining the realm…

Still unreachable

The connection could not be restored.

Session expired

The server has moved on; the page needs a fresh start.